 Dungeon Crawl Stone Soup version 0.27-a0-393-gba1aca71f1 (webtiles) character file.

Game seed: 1989119653637756393

67 Froggeryz the Digger (level 4, -1/27 HPs)
             Began as a Halfling Earth Elementalist on Feb 20, 2021.
             Slain by a white imp (3 damage)
             ... on level 2 of the Dungeon.
             The game lasted 00:02:32 (2312 turns).

Froggeryz the Digger (Halfling Earth Elementalist)  Turns: 2312, Time: 00:02:34

Health: -1/27      AC:  2    Str:  7 (9)  XL:     4   Next: 38%
Magic:  3/6        EV: 15    Int: 13 (14) God:
Gold:   79         SH:  0    Dex: 18 (20) Spells: 5/6 levels left

rFire    . . .     SeeInvis .   j - +0 dagger
rCold    . . .     Faith    .   (shield restricted)
rNeg     . . .     Spirit   .   c - +0 robe
rPois    +         Reflect  .   (no helmet)
rElec    .         Harm     .   (no cloak)
rCorr    .         Rampage  .   (no gloves)
Will     .....                  (no boots)
Stlth    ++........             (no amulet)
HPRegen  0.09/turn              g - ring of poison resistance
MPRegen  0.10/turn              m - +6 ring of dexterity

@: mighty
A: small, mutation resistance 1
a: no special abilities


You were on level 2 of the Dungeon.
You visited 1 branch of the dungeon, and saw 2 of its levels.

You collected 79 gold pieces.

Inventory:

Hand Weapons
 j - a +0 dagger (weapon)
Missiles
 b - 38 stones
 h - 7 curare-tipped darts
Armour
 c - a +0 robe (worn)
Jewellery
 g - a ring of poison resistance (left hand)
 m - a +6 ring of dexterity (right hand)
Scrolls
 d - a scroll of enchant weapon {unknown}
 f - a scroll of identify {unknown}
 k - a scroll of immolation {unknown}
 l - a scroll of random uselessness {unknown}
 n - a scroll of fog {unknown}
 o - a scroll of magic mapping {unknown}


   Skills:
 - Level 2.1 Dodging
 - Level 2.1 Stealth
 - Level 1.5 Spellcasting
 - Level 0.5 Transmutations
 + Level 4.9 Earth Magic


You had 5 spell levels left.
You knew the following spells:

 Your Spells              Type           Power        Failure   Level
a - Sandblast             Erth           26%          3%          1

Your spell library contained the following spells:

 Spells                   Type           Power        Failure   Level
 Passwall                 Tmut/Erth      6%           13%         2
 Stone Arrow              Conj/Erth      14%          28%         3
 Petrify                  Tmut/Erth      8%           65%         4
 Lee's Rapid Deconstruct  Erth           6%           67%         5


Dungeon Overview and Level Annotations

Branches:
Dungeon (2/15)

Altars:
Ashenzari
Nemelex Xobeh
Yredelemnul
The Shining One


Innate Abilities, Weirdness & Mutations

You are small and have problems with some larger weapons.
You are somewhat resistant to further mutation.


Message History

Press: ? - help, Shift-Dir - straight line, f - white imp
Aim: a white imp (21% to evade)
The blast of sand misses the white imp.
The bat hits you but does no damage. The bat misses you.
The white imp gestures at you. The puff of frost hits you!
Unknown command.
Casting: Sandblast (safe; 3% risk of failure)
Confirm with . or Enter, or press ? or * to list all spells.
Aiming: Sandblast (safe; 3% risk of failure)
Press: ? - help, Shift-Dir - straight line, f/p - white imp
Aim: a white imp (21% to evade)
The blast of sand hits the white imp but does no damage.
The bat hits you but does no damage. The bat hits you.
The bat completely misses you. The bat hits you.
Casting: Sandblast (safe; 3% risk of failure)
Confirm with . or Enter, or press ? or * to list all spells.
Aiming: Sandblast (safe; 3% risk of failure)
Press: ? - help, Shift-Dir - straight line, f/p - white imp
Aim: a white imp (21% to evade)
The blast of sand misses the white imp.
The bat completely misses you. The bat hits you but does no damage.
The bat misses you. The white imp gestures at you. The puff of frost hits you!
* * * LOW HITPOINT WARNING * * *
It was a potion of might.
You feel very mighty all of a sudden. The bat misses you.
The bat completely misses you. The white imp misses you.
It was a potion of curing.
You feel better. The bat hits you but does no damage. x2
The white imp gestures at you. The puff of frost hits you!
* * * LOW HITPOINT WARNING * * *
It was a potion of degeneration.
There was something very wrong with that liquid.
You feel weakened.
You feel dopey.
You feel clumsy.
The bat barely misses you. x2; The white imp hits you.
* * * LOW HITPOINT WARNING * * *
The white imp freezes you.
You die...

#...# #.# #..#
#######################
##.#
................#.....#
#.#
####....#...##..#####.#
#.# #....#...###.#
#.#####.#
######....##..###.#
#.......#
#).......###......#
######### #....#...#
##..bb.# #....#...#
###.@.# #...##..##
####5# #.####..# #.b.K#
.......## #.......#
......## ...........
....### ....K....#...
.#### ####.###.##### ##
.. #.# .. #.#


You could see a white imp, 2 bats and a kobold.

Vanquished Creatures
  2 adders (D:2)
  3 oozes
  A worm (D:2)
  A dart slug (D:1)
  3 leopard geckos
  3 giant cockroaches
  3 goblins (D:1)
  4 hobgoblins
  A ball python (D:2)
  3 bats
  2 frilled lizards (D:1)
  4 rats
30 creatures vanquished.

Notes
Turn   | Place    | Note
-------+----------+-------------------------------------------
     0 | D:1      | Froggeryz the Halfling Earth Elementalist began the quest
                  | for the Orb.
     0 | D:1      | Reached XP level 1. HP: 11/11 MP: 3/3
   159 | D:1      | Reached XP level 2. HP: 17/17 MP: 0/4
   889 | D:1      | Reached skill level 4 in Earth Magic
   889 | D:1      | Reached XP level 3. HP: 21/21 MP: 5/5
  1585 | D:2      | Found a basalt altar of Yredelemnul.
  1587 | D:2      | Noticed a profane servitor
  1593 | D:2      | Found a glowing golden altar of the Shining One.
  1595 | D:2      | Noticed an angel
  1647 | D:2      | Found a sparkling altar of Nemelex Xobeh.
  2161 | D:2      | Found a broken altar of Ashenzari.
  2202 | D:2      | Reached XP level 4. HP: 26/27 MP: 6/6
  2312 | D:2      | Slain by a white imp

Illustrated notes

Levels and vault maps discovered:
D:1:      mushboom_english_gardens, layout_basic, hangedman_decor_points,
          serial_park_tiny_2
D:2:      minmay_recursive_quarters, layout_loops_corners,
          grunt_temple_overflow_holy_war, evilmike_ruin_ashenzari, led_sif_pool,
          nemelex_xobeh_ov_fountains_minmay

Skill      XL: |  1  2 |
---------------+-------+-----
Earth Magic    | 4 |  4.9
Dodging        | |  2.1
Stealth        | |  2.1
Spellcasting   | |  1.5
Transmutations | |  0.5

Action                   |  1- 3 |  4- 6 || total
-------------------------+-------+-------++-------
Melee: Unarmed           |    33 |       ||    33
       Dagger            |    58 |     6 ||    64
 Cast: Sandblast         |    31 |     8 ||    39
  Use: Potion            |       |     3 ||     3
 Stab: Sleeping          |     8 |       ||     8
Armor: Robe              |    11 |    11 ||    22
Dodge: Dodged            |    83 |    32 ||   115

Table legend: (Time is in decaauts)
 A = Elapsed time spent in this place.
 B = Non-inter-level travel time spent in this place.
 C = Inter-level travel time spent in this place.
 D = Time resting spent in this place.
 E = Time spent auto-exploring this place.
 F = Levels seen in this place.
 G = Mean time per level.
                   A        B        C        D        E       F      G
               +--------+--------+--------+--------+--------+-----+--------+
         Total |   2310 |   2276 |     34 |    465 |   1494 |   2 | 1155.0 |
       Dungeon |   2310 |   2276 |     34 |    465 |   1494 |   2 | 1155.0 |
               +--------+--------+--------+--------+--------+-----+--------+

Top non-repeatable levels by time:
     D:1: 1252 daAuts
     D:2: 1057 daAuts
